[Event "Team 45 45 League T31"]
[Site "Internet Chess Club"]
[Date "2006.07.07"]
[Round "3"]
[White "arriero55"]
[Black "pokerram"]
[Result "1/2-1/2"]
[WhiteElo "1576"]
[BlackElo "1669"]
[TimeControl "2700+45"]

1. e4 c5 2. Nf3 d6 3. d4 cxd4 4. Nxd4 Nf6 5. Nc3 a6 6. Bg5 e6 7. f4 Be7 8. Qf3
Nbd7 9. O-O-O h6 10. Bh4 g5 11. fxg5 Ne5 12. Qe2 Nfg4 13. Nf3 Nxf3 14. gxf3
Bxg5+ 15. Bxg5 Qxg5+ 16. Kb1 Ne5 17. Qf2 Qd8 18. h3 b5 19. f4 Nc4 20. Qd4 Rg8
21. Bxc4 bxc4 22. Qxd6 Qxd6 23. Rxd6 Bb7 24. Rhd1 Rg3 25. Rh1 Ke7 {Game drawn by
mutual agreement} 1/2-1/2  aics%

[Event "Team 45 45 League T31"]
[Site "Internet Chess Club"]
[Date "2006.07.07"]
[Round "3"]
[White "Traho"]
[Black "frenchmen"]
[Result "0-1"]
[WhiteElo "1357"]
[BlackElo "1448"]
[TimeControl "2700+45"]

1. e4 e6 2. Nc3 Nf6 3. d3 d5 4. Bg5 Be7 5. e5 Nfd7 6. Bxe7 Qxe7 7. d4 c5 8. Nf3
O-O 9. Be2 Nc6 10. Bb5 cxd4 11. Nxd4 Ncxe5 12. O-O Nf6 13. Be2 a6 14. Nf3 Nxf3+
15. Bxf3 Bd7 16. Re1 Qb4 17. Qb1 Qh4 18. g3 Qg5 19. Qd1 Rac8 20. Qd4 Rc4 21. Qe3
Qxe3 22. fxe3 Rfc8 23. Be2 R4c5 24. Rac1 b5 25. Bd3 Ng4 26. Kg2 Bc6 27. e4 b4
28. Ne2 dxe4 29. Bxa6 Ra8 30. Kh3 Ne5 31. Nd4 Rxa6 32. Nb3 Rd5 33. Red1 Rxd1 34.
Rxd1 g6 35. Rd6 e3 36. Nd4 Bg2+ 37. Kxg2 Rxd6 {White resigns} 0-1  aics%

[Event "Team 45 45 League T31"]
[Site "Internet Chess Club"]
[Date "2006.07.11"]
[Round "3"]
[White "shorkiii"]
[Black "Toalla"]
[Result "1/2-1/2"]
[WhiteElo "1278"]
[BlackElo "1287"]
[TimeControl "2700+45"]

1. e4 d6 2. d4 Nf6 3. Nc3 g6 4. Nf3 Bg7 5. Bc4 Nc6 6. O-O Bg4 7. Be3 O-O 8. a3
e5 9. dxe5 Nxe5 10. Be2 Nxf3+ 11. Bxf3 Bxf3 12. Qxf3 Re8 13. Rad1 Nd7 14. Bd4
Be5 15. Nd5 c6 16. Bxe5 dxe5 17. Nf6+ Qxf6 18. Rxd7 Qxf3 19. gxf3 Rab8 20. Rfd1
a5 21. Rc7 Red8 22. Rxd8+ Rxd8 23. Rxb7 Rd2 24. c3 Rc2 25. Rb6 Kg7 26. Rxc6 Rxb2
27. Rc5 Rb3 28. Rxa5 Rxc3 29. a4 Rxf3 30. Rxe5 Ra3 31. a5 f6 32. Rd5 h5 33. f4
h4 34. e5 fxe5 35. fxe5 Kf7 36. Kf2 Ke6 37. Rb5 g5 38. Ke1 g4 39. Rb4 Rxa5 40.
Rxg4 Rxe5+ 41. Kf2 Rh5 42. Kg2 Kf5 43. Kh3 Rg5 44. Rxh4 Kg6 45. Rg4 Kh5 46. Ra4
Rg6 47. Rh4+ Kg5 48. Rg4+ Kh5 49. Ra4 Rg5 50. Ra3 Rg4 51. Rg3 Rg5 52. Kg2 Kh4
53. Kf3 Rf5+ 54. Ke2 Re5+ 55. Kf2 Rf5+ 56. Kg2 Rg5 57. Rxg5 Kxg5 58. Kh3 Kh5 59.
Kg3 Kg5 60. h4+ Kh5 61. Kh3 Kh6 62. Kg4 Kg6 63. h5+ Kh6 64. Kh4 Kg7 65. Kg5 Kh7
66. h6 Kg8 {Game drawn by mutual agreement} 1/2-1/2  aics%

[Event "Team 45 45 League T31"]
[Site "Internet Chess Club"]
[Date "2006.07.07"]
[Round "3"]
[White "fabill"]
[Black "furrbrain"]
[Result "1-0"]
[WhiteElo "1171"]
[BlackElo "1145"]
[TimeControl "2700+45"]

1. d4 Nf6 2. Nc3 e6 3. e3 Bb4 4. Bd2 O-O 5. a3 Ba5 6. Bd3 d5 7. b4 Bb6 8. Nf3
Nbd7 9. Ng5 a6 10. Nf3 c6 11. O-O Bc7 12. Qe1 b5 13. e4 dxe4 14. Nxe4 Nxe4 15.
Bxe4 Nf6 16. Bxc6 Rb8 17. Bg5 Bb7 18. Bxb7 Rxb7 19. c3 Qd6 20. Rd1 h6 21. Bxf6
g5 22. Be5 Qd5 23. Qe3 f6 24. Bxc7 Rxc7 25. Nd2 Qd6 26. Ne4 Qxh2+ 27. Kxh2 f5
28. Nc5 f4 29. Qxe6+ Rcf7 30. Qxh6 Rh7 31. Qxh7+ Kxh7 32. Ne6 Rh8 33. Kg1 Kg6
34. d5 Kf6 35. f3 Kf5 36. d6 Rh7 37. Rfe1 g4 38. Rd5+ Kf6 39. Nxf4 g3 40. d7
{Black resigns} 1-0  aics%

[Event "Team 45 45 League T31"]
[Site "Internet Chess Club"]
[Date "2006.07.09"]
[Round "3"]
[White "carolinaknight"]
[Black "Renato77"]
[Result "0-1"]
[WhiteElo "1218"]
[BlackElo "1189"]
[TimeControl "2700+45"]

1. e4 c5 2. d4 e6 3. Nf3 d5 4. e5 Nc6 5. c3 Nh6 6. Bb5 Nf5 7. Nbd2 Bd7 8. Nb3 a6
9. Bxc6 Bxc6 10. O-O Ba4 11. Qd2 cxd4 12. cxd4 b6 13. Qg5 f6 14. exf6 gxf6 15.
Qh5+ Ke7 16. Re1 Ng7 17. Qh4 Nf5 18. Qh5 Be8 19. Qg4 Bg6 20. Ng5 h5 21. Rxe6+
Kd7 22. Qe2 Bh6 23. Nf3 Bxc1 24. Rxc1 Rc8 25. Qxa6 Rxc1+ 26. Nxc1 Kxe6 27. Nd3
Kf7 28. Qb7+ Ne7 29. Nf4 Qd6 30. g3 Be4 31. Nh4 Rc8 32. Kf1 Qb4 33. Nf5 Rc1+ 34.
Ke2 Qxb2+ 35. Ke3 Qc3+ 36. Ke2 Rc2+ 37. Kf1 Qa1# {White checkmated} 0-1  aics%

[Event "Team 45 45 League T31"]
[Site "Internet Chess Club"]
[Date "2006.07.08"]
[Round "3"]
[White "AlPearson"]
[Black "curtintime"]
[Result "1-0"]
[WhiteElo "1393"]
[BlackElo "1342"]
[TimeControl "2700+45"]

1. e4 e5 2. Nf3 Nc6 3. Bb5 a6 4. Bxc6 bxc6 5. O-O d6 6. d4 exd4 7. Qxd4 Bb7 8.
Nbd2 Nf6 9. e5 c5 10. Qc3 Nd5 11. Qb3 Bc6 12. a4 Be7 13. Nc4 Rb8 14. Qd3 Nb4 15.
Qe2 Qd7 16. b3 Bxf3 17. gxf3 O-O 18. Bb2 Nc6 19. Rad1 Qf5 20. exd6 cxd6 21. Nxd6
Qg6+ 22. Kh1 Bxd6 23. Rg1 Qh6 24. Rxg7+ Qxg7 25. Bxg7 Rfe8 26. Qxa6 Re6 27. Qxc6
Rh6 28. Bxh6 {Black resigns} 1-0  aics%

[Event "Team 45 45 League T31"]
[Site "Internet Chess Club"]
[Date "2006.07.06"]
[Round "3"]
[White "JustinZ"]
[Black "Rubacchus"]
[Result "0-1"]
[WhiteElo "1296"]
[BlackElo "1334"]
[TimeControl "2700+45"]

1. e4 e6 2. d4 d5 3. exd5 exd5 4. Nc3 Nc6 5. Bb5 Nf6 6. Nf3 Bb4 7. O-O O-O 8. a3
Bxc3 9. bxc3 Re8 10. c4 Bg4 11. cxd5 Qxd5 12. c3 Qxb5 13. Bf4 Nd5 14. Bxc7 Nxc3
15. Qd2 Ne2+ 16. Kh1 Bxf3 17. gxf3 Nexd4 18. Rab1 Qh5 19. Qf4 Qxf3+ 20. Qxf3
Nxf3 21. Rxb7 Re7 22. Rb3 Nd2 23. Bd6 Re6 24. Rc3 Rxd6 25. Rfc1 Ne4 26. Rxc6
Rxc6 27. Rxc6 Nxf2+ 28. Kg2 Ng4 29. h4 h5 30. Kg3 Re8 31. Kf4 g6 32. Ra6 Re7 33.
Kg5 Kg7 34. a4 f5 35. Rxg6+ Kf7 36. Rf6+ Nxf6 37. Kxf5 Re6 {White resigns} 0-1 
aics%

[Event "Team 45 45 League T31"]
[Site "Internet Chess Club"]
[Date "2006.07.08"]
[Round "3"]
[White "BosqueVerde"]
[Black "AtomicDog"]
[Result "1-0"]
[WhiteElo "1244"]
[BlackElo "1163"]
[TimeControl "2700+45"]

1. d4 g6 2. c4 Bg7 3. Nf3 d6 4. Nc3 Bg4 5. e3 Nd7 6. Be2 Bxf3 7. Bxf3 c6 8. O-O
e5 9. d5 Ne7 10. Ne4 Nf6 11. dxc6 Nxe4 12. cxb7 Rb8 13. Bxe4 O-O 14. b4 f5 15.
Bd5+ Nxd5 16. Qxd5+ Rf7 17. e4 fxe4 18. Be3 Rxb7 19. Rab1 a5 20. b5 Qf6 21. a4
g5 22. c5 dxc5 23. Bxc5 Kh8 24. Qxe4 Bf8 25. Bxf8 Rxf8 26. Qxb7 Rf7 27. Qa8+ Kg7
28. Qxa5 e4 29. b6 e3 30. fxe3 Qe6 31. Rxf7+ Kxf7 32. Qa7+ Kg6 33. b7 Qxe3+ 34.
Qxe3 {Black resigns} 1-0  aics%

[Event "Team 45 45 League T31"]
[Site "Internet Chess Club"]
[Date "2006.07.09"]
[Round "3"]
[White "qs16"]
[Black "Knight77"]
[Result "1-0"]
[WhiteElo "1745"]
[BlackElo "1766"]
[TimeControl "2700+45"]

1. e4 e6 2. d4 d5 3. Nc3 Nf6 4. e5 Nfd7 5. f4 c5 6. Nf3 Nc6 7. Be3 Be7 8. Bf2 a6
9. Be2 Qb6 10. Rb1 cxd4 11. Bxd4 Nxd4 12. Qxd4 Bc5 13. Qd1 Be3 14. g3 f6 15. Na4
Qa5+ 16. c3 b5 17. Qd3 Ba7 18. b4 Qxa4 19. Nd4 Bxd4 20. cxd4 Qxa2 21. O-O Qc4
22. Qe3 Qc7 23. Rbc1 Qb6 24. Rc2 O-O 25. Rfc1 Bb7 26. Rc7 Rfd8 27. exf6 Nxf6 28.
Qe5 Nd7 29. Qg5 h6 30. Qe7 Rac8 31. Bg4 Qxd4+ 32. Kg2 Qe4+ 33. Kh3 d4 34. Kh4
Bd5 35. Rxc8 Rxc8 36. Rxc8+ Kh7 37. Qxd7 d3 38. Rc7 Qg6 39. Qf7 Bb3 40. Qxg6+
Kxg6 41. Rd7 Bd5 42. f5+ Kf6 43. fxe6 Be4 44. e7 g5+ 45. Kh3 Bg6 46. e8=Q Bxe8
47. Rxd3 h5 48. Bd7 g4+ 49. Kh4 Bf7 50. Re3 Bc4 51. Bc8 {Black resigns} 1-0 
aics%

[Event "Team 45 45 League T31"]
[Site "Internet Chess Club"]
[Date "2006.07.09"]
[Round "3"]
[White "tammany"]
[Black "hansolo1000"]
[Result "0-1"]
[WhiteElo "1583"]
[BlackElo "1705"]
[TimeControl "2700+45"]

1. c4 c5 2. g3 Nf6 3. Nc3 e6 4. Bg2 d5 5. cxd5 exd5 6. d4 cxd4 7. Qxd4 Be6 8.
Bg5 Nc6 9. Qd2 d4 10. Bxc6+ bxc6 11. Bxf6 gxf6 12. Ne4 f5 13. Ng5 Qb6 14. Qc2
Bd5 15. Qxf5 Qa5+ {White resigns} 0-1  aics%

[Event "Team 45 45 League T31"]
[Site "Internet Chess Club"]
[Date "2006.07.08"]
[Round "3"]
[White "GadsHill"]
[Black "dougmo"]
[Result "0-1"]
[WhiteElo "1526"]
[BlackElo "1570"]
[TimeControl "2700+45"]

1. d4 e6 2. c4 Nf6 3. Nf3 Bb4+ 4. Bd2 Qe7 5. a3 Bxd2+ 6. Qxd2 d5 7. e3 O-O 8.
Nc3 Nbd7 9. Bd3 dxc4 10. Bxc4 e5 11. d5 Nb6 12. Bb3 Bg4 13. e4 Bxf3 14. gxf3 Nh5
15. O-O-O Rfd8 16. Rdg1 Nf4 17. h4 Nd7 18. Ne2 Nc5 19. Ba2 Ncd3+ 20. Kb1 Nxf2
21. Rh2 N2d3 22. Nxf4 Nxf4 23. h5 c5 24. Qf2 Rac8 25. Qg3 Qf6 26. Qg4 c4 27. d6
Ne6 28. h6 g6 29. Rh5 Kh8 30. Rh2 Rxd6 31. Rc2 b5 32. Qg2 Rcd8 33. Qe2 Nd4
{White resigns} 0-1  aics%

[Event "Team 45 45 League T31"]
[Site "Internet Chess Club"]
[Date "2006.07.05"]
[Round "3"]
[White "Two-DogMan"]
[Black "Aziraphale"]
[Result "0-1"]
[WhiteElo "1313"]
[BlackElo "1462"]
[TimeControl "2700+45"]

1. e4 e5 2. Nc3 Nf6 3. Nf3 Nc6 4. a3 d5 5. exd5 Nxd5 6. d3 Nxc3 7. bxc3 Bc5 8.
Be2 O-O 9. O-O Re8 10. Ng5 Be6 11. Bh5 Re7 12. Ne4 Bb6 13. Qf3 Rd7 14. Qg3 g6
15. Nf6+ Qxf6 16. Bg4 Bxg4 17. Qxg4 Qf5 18. Qe2 Re8 19. Be3 Bxe3 20. fxe3 Qe6
21. Kh1 f5 22. Qf2 Rf7 23. d4 exd4 24. exd4 Qd5 25. Qg3 Rfe7 26. h3 Re3 27. Qh4
Qe4 28. Qh6 Rxc3 29. Rab1 Nxd4 30. Rxb7 Qxb7 {White resigns} 0-1  aics%

[Event "Team 45 45 League T31"]
[Site "Internet Chess Club"]
[Date "2006.07.09"]
[Round "3"]
[White "MPknight"]
[Black "fredd"]
[Result "1-0"]
[WhiteElo "1647"]
[BlackElo "1627"]
[TimeControl "2700+45"]

1. Nf3 d5 2. d4 Nf6 3. e3 e6 4. Bd3 Bd6 5. O-O O-O 6. Re1 c5 7. c3 c4 8. Bc2 b5
9. Nbd2 Nc6 10. e4 e5 11. dxe5 Nxe5 12. Nxe5 Bxe5 13. exd5 Bxh2+ 14. Kxh2 Ng4+
15. Kg1 Qh4 16. Nf3 Qxf2+ 17. Kh1 Qg3 18. Qe2 Bd7 19. Bd2 Nf2+ 20. Kg1 Nh3+ 21.
Kh1 Nf2+ 22. Kg1 Ng4 23. Qf1 Rfe8 24. Rxe8+ Rxe8 25. Re1 Rb8 26. Re7 Qd6 27. Qe2
f5 28. Qe1 Qc5+ 29. Kf1 Qxd5 30. Bf4 Rd8 31. Bg5 Rf8 32. Bh4 h6 33. Bf2 Rf7 34.
Rxf7 Qxf7 35. Bd4 Bc6 36. Bd1 Bxf3 37. Bxf3 Nh2+ 38. Kf2 Nxf3 39. gxf3 g5 40.
Qe5 Kf8 41. Qh8+ Ke7 42. Qxh6 g4 43. Qe3+ Qe6 44. Qxe6+ Kxe6 45. fxg4 fxg4 46.
Bxa7 Kf5 47. a3 Kg5 48. Bb8 Kf5 49. Ke3 Kf6 50. Kd4 Ke6 51. Kc5 Kf5 52. Kxb5
{Black resigns} 1-0  aics%

[Event "Team 45 45 League T31"]
[Site "Internet Chess Club"]
[Date "2006.07.10"]
[Round "3"]
[White "jazzpiano"]
[Black "charles-allen"]
[Result "1/2-1/2"]
[WhiteElo "1716"]
[BlackElo "1605"]
[TimeControl "2700+45"]

1. e4 d5 2. exd5 Nf6 3. d4 Bg4 4. Bb5+ Nbd7 5. f3 Bf5 6. g4 Bg6 7. Nc3 a6 8. Bd3
Nb6 9. Bxg6 hxg6 10. Bd2 Nbxd5 11. Nxd5 Qxd5 12. c3 Nxg4 13. Qa4+ c6 14. Qb3
Qxb3 15. axb3 Nh6 16. O-O-O Nf5 17. Ne2 e6 18. Ng3 Bd6 19. Nxf5 gxf5 20. h3
O-O-O 21. Rdg1 g6 22. Bg5 Rdg8 23. Bf6 {Game drawn by mutual agreement} 1/2-1/2 
aics%

[Event "Team 45 45 League T31"]
[Site "Internet Chess Club"]
[Date "2006.07.07"]
[Round "3"]
[White "john-beebs"]
[Black "jharris8000"]
[Result "1-0"]
[WhiteElo "1511"]
[BlackElo "1405"]
[TimeControl "2700+45"]

1. e4 e6 2. d4 d5 3. Nc3 Nf6 4. e5 Nfd7 5. Nf3 c5 6. Bb5 Nc6 7. Bxc6 bxc6 8. Ne2
Qb6 9. c3 cxd4 10. Nexd4 Be7 11. O-O O-O 12. Qc2 h6 13. Be3 Nc5 14. b4 Ne4 15.
Nxe6 Qb7 16. Nxf8 Kxf8 17. a4 Bd7 18. Nd2 f5 19. Nxe4 fxe4 20. f3 exf3 21. Rxf3+
Kg8 22. Bxh6 Rf8 23. Qg6 {Black resigns} 1-0  aics%

[Event "Team 45 45 League T31"]
[Site "Internet Chess Club"]
[Date "2006.07.10"]
[Round "3"]
[White "BMAttack"]
[Black "BraafPaard"]
[Result "1/2-1/2"]
[WhiteElo "1497"]
[BlackElo "1518"]
[TimeControl "2700+45"]

1. c4 c5 2. g3 Nc6 3. Bg2 Nf6 4. Nc3 e5 5. e4 d6 6. Nge2 Bg4 7. f3 Bd7 8. O-O
Be7 9. d3 O-O 10. a3 a5 11. f4 h6 12. Be3 Nd4 13. f5 b5 14. Bxd4 cxd4 15. Nxb5
a4 16. b3 Qa5 17. bxa4 Qxa4 18. Nc7 Ra7 19. Nd5 Nxd5 20. cxd5 Rb8 21. Qxa4 Bxa4
22. Rfb1 Rab7 23. Rxb7 Rxb7 24. Nc1 Bg5 25. Na2 Be3+ 26. Kh1 Rc7 27. Nb4 Rc1+
28. Rxc1 Bxc1 29. Nc6 Bxa3 30. Bf3 Kf8 31. Kg2 Ke8 32. Bh5 Bb5 33. Be2 Kd7 34.
Na5 f6 35. Nc4 Bc1 36. Kf3 Kc7 37. h4 Ba6 {Game drawn by mutual agreement}
1/2-1/2  aics%

[Event "Team 45 45 League T31"]
[Site "Internet Chess Club"]
[Date "2006.07.09"]
[Round "3"]
[White "Club-17"]
[Black "Spirou"]
[Result "1-0"]
[WhiteElo "1724"]
[BlackElo "1705"]
[TimeControl "2700+45"]

1. e4 e5 2. Nc3 Nc6 3. Nf3 Nf6 4. Bb5 d6 5. Bxc6+ bxc6 6. d4 Bg4 7. dxe5 dxe5 8.
Qxd8+ Rxd8 9. Nxe5 Bb4 10. f3 Bxc3+ 11. bxc3 Bd7 12. O-O h6 13. Be3 O-O 14. Bxa7
Ra8 15. Bc5 Rfe8 16. Nd3 Be6 17. a3 Nd7 18. Bb4 Bc4 19. Rfd1 Bxd3 20. Rxd3 Ne5
21. Rd4 Ng6 22. Rad1 Nf4 23. Rc4 Re6 24. Kf2 Rg6 25. g3 Nh5 26. Rd7 Ra7 27. Bc5
Ra6 28. Rxc7 Re6 29. Rc8+ Kh7 30. Rf8 Kg6 31. Rd4 Ra5 32. Bb4 Ra7 33. f4 Kh7 34.
Bc5 Ra5 35. f5 Re5 36. Rdd8 {Black resigns} 1-0  aics%

[Event "Team 45 45 League T31"]
[Site "Internet Chess Club"]
[Date "2006.07.09"]
[Round "3"]
[White "Mikey29a"]
[Black "Smart"]
[Result "1/2-1/2"]
[WhiteElo "1673"]
[BlackElo "1682"]
[TimeControl "2700+45"]

1. e4 Nc6 2. d4 d5 3. e5 Bf5 4. c3 e6 5. Bd3 Bxd3 6. Qxd3 Be7 7. Ne2 Bg5 8. Bxg5
Qxg5 9. Qg3 Qh6 10. Nd2 Nge7 11. Nf3 Nf5 12. Qg4 O-O-O 13. Ng3 Nce7 14. Nxf5
Nxf5 15. Qg5 Rdf8 16. Qxh6 Nxh6 17. h3 Nf5 18. g4 Ne7 19. Nd2 g5 20. O-O Ng6 21.
Nf3 h5 22. Nxg5 Nf4 23. Kh2 hxg4 24. Kg3 Nxh3 25. Nxh3 gxh3 26. Kh2 f5 27. Rg1
Rfg8 28. Rxg8+ Rxg8 29. Kxh3 {Game drawn by mutual agreement} 1/2-1/2  aics%

[Event "Team 45 45 League T31"]
[Site "Internet Chess Club"]
[Date "2006.07.10"]
[Round "3"]
[White "rabanito"]
[Black "Ulrika"]
[Result "0-1"]
[WhiteElo "1567"]
[BlackElo "1591"]
[TimeControl "2700+45"]

1. e4 c5 2. Nf3 Nc6 3. d4 cxd4 4. Nxd4 g6 5. c4 Nf6 6. Nc3 d6 7. Be2 Nxd4 8.
Qxd4 Bg7 9. Be3 O-O 10. Qd2 Be6 11. O-O Qa5 12. Rab1 Rfc8 13. b3 a6 14. Nd5 Qxd2
15. Bxd2 Nxd5 16. exd5 Bf5 17. Rbe1 Rc7 18. Ba5 Rcc8 19. g4 Bd7 20. Bf3 Kf8 21.
Re2 b5 22. Rfe1 Be5 23. c5 Rxc5 24. Bb6 Rc3 25. Kg2 Rac8 26. Be3 Kg7 27. h3 Rc2
28. Be4 Rxe2 29. Rxe2 e6 30. f4 Bc3 31. Rc2 e5 32. fxe5 dxe5 33. Bd2 Bxd2 34.
Rxd2 a5 35. Rc2 Rxc2+ 36. Bxc2 Kf6 37. Be4 Kg5 38. Kg3 f5 39. h4+ Kf6 40. g5+
Ke7 41. Bg2 Kd6 42. Bf1 {White resigns} 0-1  aics%

[Event "Team 45 45 League T31"]
[Site "Internet Chess Club"]
[Date "2006.07.09"]
[Round "3"]
[White "stan194803"]
[Black "QuaqQuao"]
[Result "0-1"]
[WhiteElo "1383"]
[BlackElo "1654"]
[TimeControl "2700+45"]

1. e4 d5 2. exd5 Nf6 3. d4 Nxd5 4. c4 Nb6 5. Nc3 Nc6 6. Nf3 Bf5 7. Bd3 Bxd3 8.
Qxd3 e6 9. O-O Be7 10. b3 O-O 11. Ne4 Nd7 12. Bg5 Nf6 13. Ng3 Re8 14. Be3 Ng4
15. Bf4 e5 16. Bc1 Nxd4 17. Bb2 Bc5 18. Rae1 Qd6 19. Ne4 Qc6 20. Nxc5 Qxc5 21.
Nxd4 exd4 22. Rxe8+ Rxe8 23. h3 Nf6 24. Rd1 Qb4 25. Qxd4 Re1+ 26. Kh2 Rxd1 27.
Qxd1 Qd6+ 28. Qxd6 cxd6 29. Bxf6 gxf6 30. Kg3 Kf8 31. Kf4 Ke7 32. Kf5 a6 33. g4
b5 34. cxb5 axb5 35. f4 d5 36. h4 b4 37. g5 fxg5 38. hxg5 Kd6 39. Kg4 d4 40. Kf3
Kd5 41. f5 Ke5 42. Ke2 Ke4 43. f6 d3+ 44. Kd2 Kd4 45. Kc1 Kc3 46. Kd1 d2 47. Ke2
Kc2 48. Ke3 d1=Q {White resigns} 0-1  aics%

[Event "Team 45 45 League T31"]
[Site "Internet Chess Club"]
[Date "2006.07.06"]
[Round "3"]
[White "Aquaman"]
[Black "gartman"]
[Result "0-1"]
[WhiteElo "1538"]
[BlackElo "1636"]
[TimeControl "2700+45"]

1. d4 Nf6 2. Nc3 d5 3. e4 Nxe4 4. Nxe4 dxe4 5. Ne2 Bf5 6. Ng3 Bg6 7. Be3 e6 8.
c3 Bd6 9. Qc2 Qh4 10. Ne2 Nc6 11. Qb3 Rb8 12. d5 exd5 13. Qxd5 O-O 14. g3 Qe7
15. Bg2 Rbd8 16. Qb3 Ne5 17. h3 Nd3+ 18. Kf1 c5 19. Rd1 b6 20. c4 Be5 21. Nc3
Bxc3 22. Qxc3 Rd7 23. Rd2 Rfd8 24. Ke2 Qe6 25. b3 Bh5+ 26. Kf1 Bf3 27. Bxf3 exf3
28. h4 Qe4 29. Kg1 f5 30. Kh2 h6 31. Re1 Nxe1 32. Rxd7 Rxd7 33. Qxe1 g5 34. h5
f4 35. gxf4 gxf4 36. Bd2 Qxe1 37. Bxe1 Rd1 38. Bc3 Rc1 39. Be5 Rc2 40. Kg1 Rxa2
41. Bxf4 Kh7 42. Be3 Rb2 43. Kh2 Rxb3 44. Kg3 Rxe3 45. fxe3 a5 46. Kxf3 a4 47.
Ke2 a3 48. Kd2 a2 {White resigns} 0-1  aics%

[Event "Team 45 45 League T31"]
[Site "Internet Chess Club"]
[Date "2006.07.10"]
[Round "3"]
[White "C-Jones"]
[Black "SargentBono"]
[Result "1/2-1/2"]
[WhiteElo "1613"]
[BlackElo "1599"]
[TimeControl "2700+45"]

1. e4 e5 2. Nf3 Nc6 3. Bb5 a6 4. Ba4 Nf6 5. O-O Be7 6. Re1 b5 7. Bb3 d6 8. h3
O-O 9. a3 Na5 10. Ba2 c5 11. c3 Bb7 12. b4 Nc6 13. d3 a5 14. Bd2 axb4 15. cxb4
cxb4 16. Bxb4 Nxb4 17. axb4 d5 18. Nxe5 Bxb4 19. Re2 dxe4 20. Nxf7 Rxf7 21.
Bxf7+ Kxf7 22. Rxa8 Qxa8 23. Qb3+ Nd5 24. dxe4 Qe8 25. Kf1 Qc8 26. Rc2 Qe6 27.
Nd2 Bxd2 28. Rxd2 Qxe4 29. Qxb5 Ba6 30. Qxa6 Qb1+ 31. Ke2 Nc3+ 32. Kf3 Qf5+ 33.
Kg3 Qg5+ 34. Kh2 Qxd2 35. Qc4+ Nd5 36. Qc6 Qf4+ 37. Kg1 Nf6 38. Qb7+ Kg6 39.
Qb1+ Qe4 40. Qc1 Kf5 41. g3 Qf3 42. Qc8+ Kg6 43. Qc2+ Ne4 44. Qc6+ Kf7 45. Qd7+
Kf6 46. Qd8+ Ke5 47. Qc7+ Kd5 48. Qb7+ Kc4 49. Qa6+ Kb3 50. Qb5+ Kc2 51. Qa4+
Kb1 {Game drawn by mutual agreement} 1/2-1/2  aics%

[Event "Team 45 45 League T31"]
[Site "Internet Chess Club"]
[Date "2006.07.08"]
[Round "3"]
[White "SambaChess"]
[Black "Fegary"]
[Result "0-1"]
[WhiteElo "1574"]
[BlackElo "1608"]
[TimeControl "2700+45"]

1. Nf3 g6 2. e4 Bg7 3. d4 d6 4. Nc3 Nf6 5. h3 O-O 6. Bd3 c6 7. a4 c5 8. dxc5
dxc5 9. O-O Nc6 10. Qe2 Nd4 11. Nxd4 cxd4 12. Nd5 Nxd5 13. exd5 Qxd5 14. Qxe7
Bf5 15. Bxf5 Qxf5 16. Qxb7 Qxc2 17. Bf4 Rfe8 18. b4 Qf5 19. Bd6 Rad8 20. Bc5 d3
21. Rad1 a5 22. Qb5 axb4 23. Bxb4 Qxb5 24. axb5 Re5 25. Ba5 Rd7 26. Rfe1 Rxb5
27. Re8+ Bf8 28. Bc3 f5 29. Kf1 Kf7 30. Re3 Rbd5 31. f4 Bc5 32. Ree1 h6 33. Rd2
Bd6 34. g3 Rc7 35. Be5 Rc2 36. Red1 Rxd2 37. Rxd2 Bxe5 38. fxe5 g5 39. Kf2 Ke6
40. Ke3 Kxe5 41. Rxd3 Rxd3+ 42. Kxd3 f4 43. Ke2 Ke4 44. gxf4 gxf4 {White
resigns} 0-1  aics%

[Event "Team 45 45 League T31"]
[Site "Internet Chess Club"]
[Date "2006.07.10"]
[Round "3"]
[White "chesskix"]
[Black "mwm913"]
[Result "1-0"]
[WhiteElo "1465"]
[BlackElo "1314"]
[TimeControl "2700+45"]

1. Nf3 d5 2. c4 dxc4 3. e4 Bg4 4. Bxc4 e5 5. Nc3 Nf6 6. O-O Bc5 7. d3 O-O 8. Bg5
Nc6 9. h3 Bh5 10. g4 Bg6 11. Nd5 Nd4 12. Nxe5 c6 13. Nc3 Qd6 14. Bf4 Qe7 15.
Nxg6 hxg6 16. e5 Bb4 17. exf6 Qxf6 18. Be3 Nf3+ 19. Kh1 Rad8 20. Ne4 Qe5 21.
Qxf3 Rd7 22. a3 Be7 23. b4 b5 24. d4 Qc7 25. Ba2 Bh4 26. Kg2 Kh8 27. Nc5 Rd6 28.
Bf4 Rf6 29. Bxc7 Rxf3 30. Kxf3 f5 31. Bg3 Be7 32. Rfe1 fxg4+ 33. Kxg4 {Black
resigns} 1-0  aics%

[Event "Team 45 45 League T31"]
[Site "Internet Chess Club"]
[Date "2006.07.08"]
[Round "3"]
[White "VictorRed"]
[Black "VentasD"]
[Result "0-1"]
[WhiteElo "1815"]
[BlackElo "2173"]
[TimeControl "2700+45"]

1. d4 d5 2. Nc3 Nf6 3. Nf3 e6 4. Bf4 a6 5. e3 c5 6. Be2 Nc6 7. a3 Bd6 8. Ne5
Bxe5 9. Bxe5 Nxe5 10. dxe5 Nd7 11. f4 b5 12. Bf3 Bb7 13. O-O Nb6 14. Qe2 O-O 15.
h3 Qc7 16. g4 Nc4 17. b3 Nxe3 18. Qxe3 d4 19. Nxb5 axb5 20. Qe2 Qb6 21. Bxb7
Qxb7 22. g5 g6 23. h4 Rfd8 24. h5 d3 25. cxd3 Qd5 26. hxg6 fxg6 27. b4 cxb4 28.
Rfb1 Rxa3 29. Rxa3 bxa3 30. Ra1 Qd4+ {White resigns} 0-1  aics%

[Event "Team 45 45 League T31"]
[Site "Internet Chess Club"]
[Date "2006.07.09"]
[Round "3"]
[White "Avedldesierto"]
[Black "mitus"]
[Result "0-1"]
[WhiteElo "1716"]
[BlackElo "1828"]
[TimeControl "2700+45"]

1. e4 e5 2. Nf3 Nc6 3. Bc4 Nf6 4. Ng5 d5 5. exd5 Na5 6. Bb5+ c6 7. dxc6 bxc6 8.
Be2 h6 9. Nf3 e4 10. Ne5 Bd6 11. Nc4 Nxc4 12. Bxc4 O-O 13. Nc3 Bf5 14. d3 Re8
15. dxe4 Nxe4 16. Nxe4 Rxe4+ 17. Be2 Qc7 18. g3 Rd8 19. Bd2 Bg4 20. O-O Bxe2 21.
Qe1 Rde8 22. Ba5 Qd7 23. Qc3 Bxf1 24. Rxf1 Bc7 25. Bxc7 Qxc7 26. Qf3 Re1 {White
resigns} 0-1  aics%

[Event "Team 45 45 League T31"]
[Site "Internet Chess Club"]
[Date "2006.07.11"]
[Round "3"]
[White "Garath"]
[Black "HoHo"]
[Result "0-1"]
[WhiteElo "1167"]
[BlackElo "1745"]
[TimeControl "2700+45"]

1. e4 c5 2. Nf3 e6 3. d4 cxd4 4. Nxd4 Nf6 5. Nc3 d6 6. f4 a6 7. Be3 Be7 8. Bc4
b5 9. Bd3 Bb7 10. O-O O-O 11. Qd2 b4 12. Nce2 Bxe4 13. Bxe4 Nxe4 14. Qxb4 d5 15.
Qe1 Qc7 16. Ng3 Nf6 17. f5 Qd7 18. Nf3 Nc6 19. Qd2 e5 20. Rae1 Rad8 21. Bb6 Rb8
22. Bf2 Ng4 23. c4 Rfd8 24. Rd1 Nxf2 25. Rxf2 Bc5 26. cxd5 Qa7 27. dxc6 Bxf2+
28. Qxf2 Rxd1+ 29. Ne1 Rxe1+ {White resigns} 0-1  aics%

[Event "Team 45 45 League T31"]
[Site "Internet Chess Club"]
[Date "2006.07.08"]
[Round "3"]
[White "parrot9"]
[Black "Hazy"]
[Result "0-1"]
[WhiteElo "1758"]
[BlackElo "1881"]
[TimeControl "2700+45"]

1. e4 e5 2. Nf3 Nc6 3. Bb5 a6 4. Ba4 Nf6 5. O-O Be7 6. Re1 b5 7. Bb3 O-O 8. a4
Bb7 9. c3 d5 10. exd5 Nxd5 11. Nxe5 Nxe5 12. Rxe5 Bd6 13. Rh5 Nf4 14. Bc2 Nxh5
15. Qxh5 g6 16. Qh3 Re8 17. Kf1 Qe7 18. Qe3 Qf6 19. Qh6 Qe5 {White resigns} 0-1 
aics%

[Event "Team 45 45 League T31"]
[Site "Internet Chess Club"]
[Date "2006.07.06"]
[Round "3"]
[White "jazzyjoe"]
[Black "siddhu"]
[Result "0-1"]
[WhiteElo "1759"]
[BlackElo "1689"]
[TimeControl "2700+45"]

1. e4 e5 2. Nf3 Nc6 3. Bc4 Bc5 4. Nc3 Nf6 5. d3 h6 6. Nd5 Ng4 7. O-O Nxf2 8.
Rxf2 Bxf2+ 9. Kxf2 d6 10. c3 Be6 11. Bd2 Qd7 12. Ne3 Bxc4 13. Nxc4 f5 14. Qe2 f4
15. Rf1 g5 16. Ke1 g4 17. Nh4 h5 18. Kd1 Ne7 19. Na3 O-O-O 20. Kc1 Qe6 21. Kb1
Qf6 22. g3 f3 23. Qf2 b6 24. Nc2 d5 25. Qe3 Rd6 26. Qg5 dxe4 27. Qxf6 Rxf6 28.
dxe4 Rd8 29. Bg5 Rf7 30. Nf5 Nxf5 31. Bxd8 Nxg3 32. hxg3 Kxd8 33. Ne3 h4 34.
gxh4 g3 35. h5 g2 36. Rg1 Rg7 37. h6 f2 38. hxg7 fxg1=Q+ 39. Kc2 Qf2+ 40. Kb3
g1=Q {White resigns} 0-1  aics%

[Event "Team 45 45 League T31"]
[Site "Internet Chess Club"]
[Date "2006.07.11"]
[Round "3"]
[White "clarnibass"]
[Black "mykidsdad"]
[Result "1-0"]
[WhiteElo "1754"]
[BlackElo "1684"]
[TimeControl "2700+45"]

1. e4 d6 2. d4 Nf6 3. Nc3 e5 4. Nf3 exd4 5. Nxd4 Be7 6. Bc4 c6 7. a4 Nxe4 8.
Bxf7+ Kxf7 9. Nxe4 Rf8 10. Qh5+ Kg8 11. O-O d5 12. Ng5 Bxg5 13. Bxg5 Qb6 14. Nb3
Nd7 15. Rae1 Nf6 16. Bxf6 gxf6 17. Re7 {Black resigns} 1-0  aics%